 Dungeon Crawl Stone Soup version 0.24.0-10-g970556be89 (webtiles) character file.

Game seed: 15859735549018117991, levelgen mode: deterministic

3665 Mesmaeker13 the Destroyer (level 10, 0/56 HPs)
             Began as an Octopode Conjurer on Nov 3, 2019.
             Was a Follower of Ashenzari.
             Slain by Psyche
             ... wielding a +2 dagger of chaos
              (1 damage)
             ... on level 9 of the Dungeon.
             The game lasted 00:18:58 (11816 turns).

Mesmaeker13 the Destroyer (Octopode Conjurer)      Turns: 11816, Time: 00:18:58

Health: 0/56       AC:  1    Str:  7    XL:     10   Next: 12%
Magic:  12/16      EV: 18    Int: 20    God:    Ashenzari [*.....]
Gold:   285        SH:  0    Dex: 14    Spells: 7/17 levels left

rFire    . . .     SeeInvis .   p - +6 long sword
rCold    . . .     Gourm    .   (no shield)
rNeg     . . .     Faith    .   (helmet restricted)
rPois    +         Spirit   .   (no amulet)
rElec    .         Reflect  .   k - ring of poison resistance (curse)
rCorr    .         Harm     .   (no ring)
MR       .....                  (no ring)
Stlth    +++.......             (no ring)
HPRegen  0.18/turn              (no ring)
MPRegen  0.15/turn              (no ring)
                                (no ring)
                                (no ring)

@: no status effects
A: almost no armour, stealthy swim, amphibious, 8 rings, constrict 8, camouflage
1, gelatinous body 1
a: Curse Item, Scrying, Renounce Religion


You were on level 9 of the Dungeon.
You worshipped Ashenzari.
Ashenzari was aware of your devotion.
You were not hungry.

You visited 2 branches of the dungeon, and saw 10 of its levels.
You also visited: Ossuary.

You collected 663 gold pieces.
You spent 378 gold pieces at shops.

Inventory:

Hand Weapons
 f - a +1 falchion of protection
 p - a +6 long sword (weapon)
 t - a +1 short sword of venom
Missiles
 r - an atropa-tipped dart
 z - 10 poisoned darts (quivered)
Armour
 A - a +0 shield
Magical Staves
 c - a cursed staff of earth
 B - an uncursed staff of fire
Jewellery
 k - a cursed ring of poison resistance (left tentacle)
Wands
 o - a wand of disintegration (4)
 G - a wand of flame (14)
Scrolls
 d - 7 scrolls of remove curse
 e - a scroll of identify
 g - 4 scrolls of blinking
 l - 2 scrolls of enchant armour
 n - 3 scrolls of teleportation {unknown}
 v - a scroll of immolation {unknown}
 w - a scroll of amnesia {unknown}
 x - a scroll of enchant weapon {unknown}
 y - 3 scrolls of fog {unknown}
Potions
 a - 2 potions of resistance
 h - 2 potions of heal wounds {unknown}
 i - a potion of agility {unknown}
 j - 2 potions of curing
 m - 4 potions of mutation {unknown}
 q - a potion of berserk rage {unknown}
 s - a potion of ambrosia {unknown}
 u - a potion of brilliance {unknown}
 C - 2 potions of haste {unknown}
 D - 3 potions of flight {unknown}
 E - a potion of cancellation {unknown}
Comestibles
 b - 17 rations
 F - a chunk of flesh


   Skills:
 + Level 8.4 Dodging
 - Level 2.6 Stealth
 - Level 4.0 Spellcasting
 + Level 9.1 Conjurations
 + Level 7.2 Hexes


You had 7 spell levels left.
You knew the following spells:

 Your Spells              Type           Power        Failure   Level  Hunger
a - Magic Dart            Conj           ####         1%          1    None
b - Searing Ray           Conj           #####.       1%          2    #......
c - Dazzling Spray        Conj/Hex       #####.       1%          3    ###....
d - Fulminant Prism       Conj/Hex       #####.....   4%          4    ####...

Your spell library contained the following spells:

 Spells                   Type           Power        Failure   Level  Hunger
 Iskenderun's Mystic Bla  Conj           #####...     3%          4    ####...
 Force Lance              Conj/Tloc      ###.....     19%         4    ####...


Dungeon Overview and Level Annotations

Branches:
Dungeon (9/15)             Temple (1/1) D:5         Ossuary (visited)
   Lair: D:8-11         Orc: D:9-12

Altars:
Ashenzari
Cheibriados
Dithmenos
Elyvilon
Gozag
Hepliaklqana
Kikubaaqudgha
Makhleb
Nemelex Xobeh
Okawaru
Ru
Trog
Uskayaw
Vehumet
Wu Jian
Xom
Yredelemnul
Zin
The Shining One

Shops:
D:7 *   D:8 (

Annotations:
D:8 Psyche


Innate Abilities, Weirdness & Mutations

You cannot wear most types of armour.
You are very stealthy in the water. (Stealth+)
You are amphibious.
You can wear up to eight rings at the same time.
You can use your tentacles to constrict eight enemies at once.
Your skin changes colour to match your surroundings (Stealth+).
Your rubbery body absorbs attacks. (AC +1, EV +1)


Message History

There is a stone staircase leading down here.
Something hits you.
* * * LOW HITPOINT WARNING * * *
Something hits you.
* * * LOW HITPOINT WARNING * * *
You climb downwards.
You hear the roar of battle.
There is an entrance to a bailey on this level.
Hurry and find it before the portal closes forever!
Reactivating autopickup.
A bullfrog and a skeleton come into view.
Found a scroll labeled ZONITRERE and a wand of disintegration (13).
You have a vision of a gate.
There is a stone staircase leading up here.
You feel better. Something hits you.
* * * LOW HITPOINT WARNING * * *
Deactivating autopickup; reactivate with Ctrl-A.
Something hits you.
* * * LOW HITPOINT WARNING * * *
Something burns you.
You die...

∩ # ...
####.....
#@.......
#.{.Z......
#............
F........##./.#
.........# ..#
.#.......# ##
#.......#
#.......#


You could see a bullfrog (sleeping) and a centaur skeleton.

Vanquished Creatures
  A two-headed ogre (D:8)
  A hippogriff (D:7)
  A spriggan (D:7)
  Menkaure (D:6)
  2 orc warriors (D:7)
  2 ice beasts (D:7)
  A sky beast (D:5)
  2 phantoms (D:5)
  4 ogres
  3 bullfrogs
  3 killer bees
  3 howler monkeys
  3 crimson imps
  6 orc priests
  3 hounds (D:5)
  9 orc wizards
  A bullfrog skeleton (D:8)
  2 iguanas
  5 worker ants
  9 mummies
  2 howler monkey skeletons
  9 adders
  A shadow imp (D:5)
  3 adder skeletons
  7 worms
  4 dart slugs
  4 leopard geckos
  27 orcs
  4 ball pythons
  5 bats
  4 giant cockroaches
  6 goblins
  4 hobgoblins
  5 jackals (D:2)
  12 kobolds
  A quokka (D:5)
  6 frilled lizards
  2 gnoll zombies (Ossuary)
  2 hobgoblin zombies (Ossuary)
  A jackal skeleton (D:8)
  A jackal zombie (D:6)
  A kobold zombie (Ossuary)
  3 orc zombies (Ossuary)
  8 rats
184 creatures vanquished.

Vanquished Creatures (others)
  15 fulminant prisms
15 creatures vanquished.

Grand Total: 199 creatures vanquished

Notes
Turn   | Place    | Note
-------+----------+-------------------------------------------
     0 | D:1      | Mesmaeker13 the Octopode Conjurer began the quest for the
                  | Orb.
     0 | D:1      | Reached XP level 1. HP: 11/11 MP: 3/3
   231 | D:1      | Reached XP level 2. HP: 15/17 MP: 0/5
   763 | D:1      | Reached XP level 3. HP: 21/21 MP: 4/6
  1223 | D:2      | Learned a level 2 spell: Searing Ray
  1308 | D:2      | Reached XP level 4. HP: 15/27 MP: 1/8
  2012 | D:2      | Found a sacrificial altar of Ru.
  2171 | D:2      | Reached XP level 5. HP: 31/31 MP: 2/9
  2987 | D:3      | Reached skill level 5 in Conjurations
  3850 | D:3      | Reached XP level 6. HP: 29/36 MP: 5/11
  4545 | D:4      | Learned a level 3 spell: Dazzling Spray
  4687 | D:4      | Reached skill level 1 in Hexes
  4691 | D:4      | Reached XP level 7. HP: 35/41 MP: 2/13
  5346 | D:5      | Entered Level 5 of the Dungeon
  5485 | D:5      | Reached skill level 6 in Conjurations
  5655 | D:5      | Reached skill level 5 in Dodging
  5730 | D:5      | Reached XP level 8. HP: 46/46 MP: 14/14
  5966 | D:5      | Found a staircase to the Ecumenical Temple.
  5973 | Temple   | Entered the Ecumenical Temple
  6029 | Temple   | Became a worshipper of Ashenzari the Shackled
  7106 | D:6      | Reached skill level 7 in Conjurations
  7277 | D:6      | Noticed Menkaure
  7282 | D:6      | Killed Menkaure
  7389 | D:6      | Found a sand-covered staircase.
  7401 | Ossuary  | Entered an ossuary
  8878 | D:6      | Found a shimmering altar of Xom.
  8977 | D:6      | Reached skill level 5 in Hexes
  8977 | D:6      | Reached XP level 9. HP: 51/51 MP: 11/15
  9205 | D:7      | Learned a level 4 spell: Fulminant Prism
  9386 | D:7      | Found a glowing silver altar of Zin.
  9459 | D:7      | Reached skill level 8 in Conjurations
  9713 | D:7      | Reached * piety under Ashenzari
  9713 | D:7      | Found Ujoh's Assorted Antiques.
 10403 | D:7      | Bought a gnarled glowing staff for 252 gold pieces
 10403 | D:7      | Bought a potion of curing for 63 gold pieces
 10403 | D:7      | Bought a potion of curing for 63 gold pieces
 10444 | D:7      | Noticed a moth of wrath
 10448 | D:7      | Found a bloodstained altar of Trog.
 11225 | D:8      | Noticed a two-headed ogre
 11315 | D:8      | Killed a two-headed ogre
 11315 | D:8      | Reached skill level 9 in Conjurations
 11315 | D:8      | Reached XP level 10. HP: 30/56 MP: 5/16
 11565 | D:8      | Found Rahom's Antique Weapon Emporium.
 11796 | D:8      | Noticed Psyche
 11814 | D:8      | HP: 2/56 [something (5)]
 11816 | D:9      | Slain by Psyche

Levels and vault maps discovered:
D:1:      noname_arrival_rooms_in_the_neighbourhood, layout_loops_ring,
          minmay_hexomino_f4
D:2:      layout_basic, nicolae_ru_sacrificial_ziggurat
D:3:      layout_loops_ring, st_stairs_12
D:4:      layout_rooms
D:5:      layout_loops_ring, minmay_temple_entry_grid, first_ration,
          minmay_misc_feat_nine_boxes
D:6:      layout_basic, gup_ossuary_entry_pyramid, brannock_xom_greatest_gift,
          uniq_menkaure
D:7:      layout_rooms, zin_academy, tgw_trog, serial_shops, shop,
          supply_closet_lemuel, the_bakery
D:8:      layout_loops_corners, serial_shops, shop, uniq_erica, uniq_psyche
D:9:      layout_basic, minmay_overflow_temple_star_quad, enter_bailey_2,
          hangedman_misty_isle
Temple:   nicolae_temple_x_marks_the_god

Skill      XL: |  1  2  3  4  5  6  7  8  9 |
---------------+----------------------------+-----
Dodging        | 3 4 5 6 8 |  8.4
Spellcasting   | 3 4 |  4.0
Conjurations   | 5 6 7 9 |  9.1
Hexes          | 1 3 5 7 |  7.2
Stealth        | |  2.6

Action                   |  1- 3 |  4- 6 |  7- 9 | 10-12 || total
-------------------------+-------+-------+-------+-------++-------
Melee: Unarmed           |    14 |    18 |       |       ||    32
       Constrict         |     6 |     4 |    14 |     1 ||    25
       Tentacles         |     4 |     2 |    10 |       ||    16
       Short sword       |       |     2 |    12 |       ||    14
       Long sword        |       |       |    21 |     2 ||    23
       Falchion          |       |       |    12 |       ||    12
Throw: Dart              |       |     2 |     5 |       ||     7
 Cast: Magic Dart        |    45 |    82 |   117 |    11 ||   255
       Searing Ray       |     2 |    17 |    35 |     5 ||    59
       Fulminant Prism   |       |       |    14 |     1 ||    15
       Dazzling Spray    |       |       |     3 |       ||     3
Invok: Curse Item        |       |       |     1 |       ||     1
Evoke: Wand              |       |       |    34 |     3 ||    37
  Use: Scroll            |     3 |     4 |     4 |       ||    11
       Potion            |       |       |     4 |     2 ||     6
 Stab: Sleeping          |       |     1 |       |       ||     1
  Eat: Chunk             |     1 |     8 |    13 |     2 ||    24
       Ration            |       |     1 |     3 |       ||     4
Armor: Skin              |     2 |     6 |     7 |     1 ||    16
Dodge: Dodged            |    15 |    28 |    75 |     5 ||   123
       Rpst.: Long sword |       |       |    18 |     1 ||    19
       Falchion          |       |       |     6 |       ||     6
